 Dungeon Crawl Stone Soup version 0.30-b1-2-g02819fbbbe (webtiles) character file.

Game seed: 8092464025004130338

3256 LLlMATKO the Fighter (level 9, -10/121 HPs)
             Began as a Minotaur Berserker on Aug 30, 2023.
             Was a Priest of Trog.
             Mangled by a death yak (14 damage)
             ... on level 7 of the Dungeon.
             The game lasted 00:05:30 (5904 turns).

LLlMATKO the Fighter (Minotaur Berserker)           Turns: 5904, Time: 00:05:31

Health: -10/121    AC: 20    Str: 26    XL:     9   Next: 67%
Magic:  8/8        EV:  9    Int:  4    God:    Trog [***...]
Gold:   313        SH:  5    Dex: 10    Spells: 8/8 levels left

rFire   . . .        A - +0 war axe
rCold   . . .        x - +0 buckler {AC+3}
rNeg    . . .        p - +3 plate armour
rPois   .            (helmet restricted)
rElec   .            s - +0 cloak
rCorr   .            (no gloves)
SInv    +            (no boots)
Will    +....        (no amulet) Stlth
                     g - ring of see invisible
HPRegen 0.40/turn    I - ring of willpower
MPRegen 0.11/turn

%: no passive effects
@: berserking, very quick
A: horns 2, retaliatory headbutt
a: Renounce Religion, Berserk, Trog's Hand


You were on level 7 of the Dungeon.
You worshipped Trog.
Trog was most pleased with you.
You visited 1 branch of the dungeon, and saw 8 of its levels.

You collected 313 gold pieces.

Inventory:

Hand Weapons
 o - a +3 whip of electrocution
 A - a +0 war axe (weapon)
 E - a +0 war axe
Missiles
 y - 8 poisoned darts (quivered)
 J - 3 atropa-tipped darts
Armour
 p - a +3 plate armour (worn)
 s - a +0 cloak (worn)
 x - a +0 buckler of protection (worn)
Jewellery
 g - a ring of see invisible (left hand)
 r - a ring of protection from fire
 C - a ring of ice
 I - a ring of willpower (right hand)
Wands
 F - a wand of charming (18)
Scrolls
 a - a scroll of acquirement {unknown}
 b - 2 scrolls of poison {unknown}
 i - 2 scrolls of immolation {unknown}
 k - 4 scrolls of magic mapping {unknown}
 l - 3 scrolls of enchant armour {unknown}
 n - 15 scrolls of identify {unknown}
 q - a scroll of noise {unknown}
 t - a scroll of vulnerability {unknown}
 v - 7 scrolls of teleportation {unknown}
 w - 2 scrolls of summoning {unknown}
 z - 2 scrolls of fog {unknown}
 B - a scroll of amnesia {unknown}
 H - a scroll of blinking {unknown}
Potions
 c - 2 potions of mutation {unknown}
 d - a potion of attraction {unknown}
 e - a potion of invisibility {unknown}
 f - 4 potions of heal wounds {unknown}
 h - a potion of degeneration {unknown}
 j - 2 potions of flight {unknown}
 m - 2 potions of curing {unknown}
 u - 2 potions of berserk rage {unknown}
 D - 2 potions of lignification {unknown}
 G - a potion of haste {unknown}


   Skills:
 + Level 8.2 Fighting
 + Level 8.2 Axes
 + Level 7.7 Armour
 + Level 7.0 Dodging
 + Level 7.1 Shields


You had 8 spell levels left.
You didn't know any spells.
Your spell library was empty.

Dungeon Overview and Level Annotations

Branches:
Dungeon (8/15)             Temple (0/1) D:7
   Lair: D:8-11

Altars:
Dithmenos
Gozag
Vehumet
Xom
Yredelemnul
Zin

Shops:
D:4 [   D:6 *


Innate Abilities, Weirdness & Mutations

You have a pair of horns on your head.
You reflexively headbutt those who attack you in melee.


Message History

The death yak attacks as you move away!
The death yak gores you but does no damage.
The death yak attacks as you move away! The death yak gores you!
Things that are here:
a +3 scimitar; a +0 robe The death yak attacks as you move away!
The death yak gores you but does no damage.
The death yak attacks as you move away! The death yak gores you!
The death yak attacks as you move away! The death yak gores you!
The death yak attacks as you move away! The death yak gores you!!
* * * LOW HITPOINT WARNING * * *
The death yak attacks as you move away!
The death yak gores you but does no damage.
The death yak attacks as you move away! The death yak closely misses you.
The death yak attacks as you move away!
The death yak gores you but does no damage.
There is a stone staircase leading up here.
The death yak gores you but does no damage.
You climb upwards.
There is a stone staircase leading down here.
A red film seems to cover your vision as you go berserk!
You feel yourself moving faster!
You feel mighty! The death yak gores you!
* * * LOW HITPOINT WARNING * * *
You completely miss the death yak. You headbutt the death yak!
The death yak is lightly wounded.
The death yak closely misses you.
You slash the death yak! Your headbutt misses the death yak.
The death yak is moderately wounded.
The death yak closely misses you.
You slash the death yak!
The death yak is heavily wounded.
You barely miss the death yak.
You headbutt the death yak, but do no damage.
The death yak is heavily wounded.
The death yak gores you!!
* * * LOW HITPOINT WARNING * * *
You hit the death yak but do no damage.
The death yak is heavily wounded.
The death yak gores you!
You die...

#.##.####.#.#
#.#.......#.###########
#####...#######...........#
...>###....#######.######.###
....# #.##.#.......#........#
....######.#.###...#...[....#
...........#...#.###.)[)....#
.....####......#......####.##
........#.......@Y....+....#
.....##.#......##.....######
.....#....#...........#
.....#..#.#.#...#.....#
###.##..#[#...........#
###.##..#....#........#
#...#....##..##..######
....#....##..#...#
....'........#.#.#


You could see a death yak.

Vanquished Creatures
  Maggie (D:7)
  Prince Ribbit (D:7)
  Menkaure (D:5)
  2 water moccasins (D:6)
  A black bear (D:7)
  3 orc warriors
  2 ogres
  2 centaurs
  A phantom (D:5)
  2 bullfrogs
  5 scorpions
  9 wights
  2 howler monkeys
  A jelly (D:7)
  Crazy Yiuf (D:2)
  6 orc priests
  5 hounds
  2 iguanas (D:6)
  Terence (D:2)
  3 orc wizards
  3 gnolls (D:3)
  7 adders
  A shadow imp (D:7)
  A white imp (D:7)
  A dart slug (D:1)
  11 orcs
  5 bats
  7 endoplasms
  6 giant cockroaches
  5 goblins
  6 hobgoblins
  10 kobolds
  3 ball pythons
  8 frilled lizards
  4 rats
129 creatures vanquished.

Vanquished Creatures (others)
  7 plants (D:8)
7 creatures vanquished.

Grand Total: 136 creatures vanquished

Notes
Turn   | Place    | Note
-------+----------+-------------------------------------------
     0 | D:1      | LLlMATKO the Minotaur Berserker began the quest for the
                  | Orb.
     0 | D:1      | Reached XP level 1. HP: 19/19 MP: 0/0
   123 | D:1      | Reached XP level 2. HP: 27/27 MP: 1/1
   880 | D:2      | Reached skill level 1 in Shields
   880 | D:2      | Reached XP level 3. HP: 33/33 MP: 2/2
   958 | D:2      | Noticed Terence
   967 | D:2      | Killed Terence
  1232 | D:2      | Reached XP level 4. HP: 37/40 MP: 3/3
  1282 | D:2      | Reached ** piety under Trog
  1308 | D:2      | Found an opulent altar of Gozag.
  1844 | D:2      | Found a runed translucent door.
  1845 | D:2      | Noticed Crazy Yiuf
  1855 | D:2      | Killed Crazy Yiuf
  1955 | D:3      | Reached XP level 5. HP: 47/47 MP: 4/4
  1996 | D:3      | Noticed an angel
  1997 | D:3      | Found a shimmering altar of Xom.
  1999 | D:3      | Found a glowing silver altar of Zin.
  2254 | D:3      | Found a radiant altar of Vehumet.
  2434 | D:4      | Noticed an ogre
  2438 | D:4      | Killed an ogre
  2439 | D:4      | Reached XP level 6. HP: 55/55 MP: 5/5
  2444 | D:4      | Reached skill level 5 in Fighting
  2446 | D:4      | Reached skill level 5 in Axes
  2811 | D:4      | Identified the +1 robe of Kuyff {+Blink rN+++ rCorr Dex-3}
  2843 | D:4      | Found Xantupsei's Armour Emporium.
  2977 | D:5      | Entered Level 5 of the Dungeon
  3346 | D:5      | Found a shadowy altar of Dithmenos.
  3432 | D:5      | Reached XP level 7. HP: 61/61 MP: 6/6
  3494 | D:5      | Noticed Menkaure
  3498 | D:5      | Killed Menkaure
  3499 | D:5      | Reached skill level 5 in Armour
  3681 | D:5      | Found a basalt altar of Yredelemnul.
  3879 | D:6      | Reached skill level 5 in Dodging
  3879 | D:6      | Reached XP level 8. HP: 53/70 MP: 7/7
  3979 | D:6      | Reached *** piety under Trog
  4093 | D:6      | Reached skill level 5 in Shields
  4281 | D:6      | Found Gozag's Platinum Reserve.
  4538 | D:6      | Found an opulent altar of Gozag.
  4896 | D:7      | Noticed Maggie
  4916 | D:7      | Killed Maggie
  4917 | D:7      | Reached XP level 9. HP: 79/79 MP: 8/8
  5041 | D:7      | Noticed Prince Ribbit
  5054 | D:7      | Killed Prince Ribbit
  5269 | D:7      | Found a staircase to the Ecumenical Temple.
  5858 | D:8      | Noticed a death yak
  5859 | D:8      | Noticed a death yak
  5862 | D:8      | Noticed a death yak
  5903 | D:7      | HP: 4/121 [death yak (18)]
  5904 | D:7      | Mangled by a death yak

Illustrated notes

Levels and vault maps discovered:
D:1:      giann_forest_graveyard, layout_loops_ring, item_on_display_a
D:2:      layout_basic, basic_altar, grunt_decor_clamped,
          uniq_crazy_yiuf_cottage, uniq_terence
D:3:      layout_rooms, grunt_temple_overflow_order_and_chaos_1,
          lemuel_coloured_pillars_altar
D:4:      layout_basic, serial_shops, shop
D:5:      layout_loops_cross, nicolae_dithmenos_through_a_glass_darkly,
          marbit_many_paths, uniq_menkaure
D:6:      layout_loops_ring, nicolae_gozag_zags_fifth_avenue
D:7:      minmay_angry_zag, layout_basic, lemuel_temple_firewalk_a, uniq_maggie,
          uniq_prince_ribbit1
D:8:      layout_loops_ring, mainiacjoe_overflow_24_doors,
          nicolae_hepliaklqana_hazy_memory, nicolae_tso_swordbearing_angel,
          dpeg_lair_monsters

Skill      XL: |  1  2  3  4  5  6  7  8  9 |
---------------+----------------------------+-----
Fighting       | 4 5 6 7 8 |  8.2
Axes           | 4 5 6 7 8 |  8.2
Shields        | 1 2 3 4 6 7 |  7.1
Armour         | 3 4 5 6 7 |  7.7
Dodging        | 3 4 5 6 7 |  7.0

Action                     |  1- 3 |  4- 6 |  7- 9 || total
---------------------------+-------+-------+-------++-------
  Melee: Hand axe          |    72 |   125 |       ||   197
         Headbutt          |    15 |    15 |    29 ||    59
         War axe           |       |     7 |   192 ||   199
  Throw: Dart              |       |       |     2 ||     2
 Invoke: Berserk           |     1 |     3 |     5 ||     9
 Armour: Animal skin       |     4 |       |       ||     4
         Plate armour      |    31 |    79 |   109 ||   219
  Dodge: Dodged            |    30 |    36 |    68 ||   134
  Block: Buckler           |       |     8 |    41 ||    49
